 Dungeon Crawl Stone Soup version 0.30-a0-250-g41c1d76940 (webtiles) character file.

Game seed: 12366276931337559744

15299 ryw the Martial Artist (level 12, 0/87 HPs)
             Began as a Demonspawn Monk on Oct 12, 2022.
             Was a High Priest of Hepliaklqana.
             Slain by a meliai
             ... wielding a +0 war axe
              (2 damage)
             ... on level 13 of the Dungeon.
             The game lasted 00:32:47 (16686 turns).

ryw the Martial Artist (Demonspawn Monk)           Turns: 16686, Time: 00:32:48

Health: 0/87       AC:  6    Str: 16    XL:     12   Next: 0%
Magic:  12/12      EV: 12    Int: 11    God:    Hepliaklqana [*****.]
Gold:   802        SH:  6    Dex: 17    Spells: 11/11 levels left

rFire   + . .      SeeInvis .      - Unarmed
rCold   . . .      Faith    .    k - +0 buckler
rNeg    . . .      Spirit   .    t - +2 robe {rF+}
rPois   .          Reflect  .    (helmet restricted)
rElec   .          Harm     +    r - scarf {harm}
rCorr   .          Rampage  .    (no gloves)
Will    +....                    e - +1 pair of boots
Stlth   ++........               o - amulet of magic regeneration
HPRegen 0.34/turn                C - ring of willpower
MPRegen 0.66/turn                (no ring)

@: no status effects
A: reduced essence, antennae 2, claws 1, hooves 2, ignite blood 2, magic
regeneration
a: Renounce Religion, Recall Ancestor, Ancestor Identity, Transference, Idealise


You were on level 13 of the Dungeon.
You worshipped Hepliaklqana.
Hepliaklqana was extremely pleased with you.
You visited 2 branches of the dungeon, and saw 14 of its levels.

You collected 947 gold pieces.
You spent 145 gold pieces at shops.

Inventory:

Missiles
 c - 19 poisoned darts (quivered)
 s - 3 javelins
Armour
 e - a +1 pair of boots (worn)
 k - a +0 buckler (worn)
 r - a scarf of harm (worn)
 t - a +2 robe of fire resistance (worn)
 z - a +0 tower shield
Jewellery
 o - an amulet of magic regeneration (around neck)
 C - a ring of willpower (left claw)
Wands
 b - a wand of quicksilver (5)
 D - a wand of roots (4)
Scrolls
 d - a scroll of amnesia
 n - 3 scrolls of blinking
 w - 2 scrolls of fear
Potions
 f - 2 potions of mutation
 g - 4 potions of haste
 h - 2 potions of attraction {unknown}
 i - 3 potions of invisibility
 j - a potion of magic
 l - a potion of ambrosia
 p - a potion of curing
 u - a potion of flight
 v - 2 potions of resistance
 x - a potion of cancellation {unknown}
 y - 3 potions of brilliance
 B - 2 potions of degeneration {unknown}
Miscellaneous
 a - a phial of floods
 E - a condenser vane


   Skills:
 + Level 9.9 Fighting
 - Level 5.0 Throwing
 - Level 5.0 Armour
 - Level 2.6 Dodging
 - Level 1.7 Stealth
 + Level 5.0 Shields
 * Level 13.4 Unarmed Combat


You had 11 spell levels left.
You didn't know any spells.
Your spell library contained the following spells:

 Spells                   Type           Power      Damage    Failure   Level
 Beastly Appendage        Tmut           0%         N/A       41%         1
 Magic Dart               Conj           0%         1d3       41%         1
 Blink                    Tloc           0%         N/A       56%         2
 Momentum Strike          Conj/Tloc      0%         3d8       56%         2
 Scorch                   Fire           0%         2d5       56%         2
 Searing Ray              Conj           0%         2d4       56%         2
 Wereblood                Tmut           0%         N/A       56%         2
 Lesser Beckoning         Tloc           0%         N/A       80%         3
 Spider Form              Tmut/Pois      0%         N/A       80%         3
 Flame Wave               Conj/Fire      0%         2d4       99%         4
 Fulminant Prism          Conj/Hex       0%         3d6       99%         4
 Summon Cactus Giant      Summ           0%         N/A       100%        6


Dungeon Overview and Level Annotations

Branches:
Dungeon (13/15)            Temple (1/1) D:6            Lair (0/5) D:9
    Orc (0/2) D:11
 Vaults: D:13-14

Altars:
Ashenzari
Cheibriados
Dithmenos
Fedhas
Gozag
Hepliaklqana
Kikubaaqudgha
Makhleb
Nemelex Xobeh
Okawaru
Qazlal
Ru
Sif Muna
Trog
Uskayaw
Vehumet
Wu Jian
Xom
Yredelemnul

Shops:
D:6 *   D:7 ?   D:8 *   D:10 [

Annotations:
D:2 1 runed translucent door, Crazy Yiuf
D:8 exclusion: statue, Amaemon
D:13 Sonja


Innate Abilities, Weirdness & Mutations

Your life essence is reduced to manifest your ancestor. (-10% HP)
You have a pair of antennae on your head.
You have sharp fingernails.
You have hoof-like feet.
Your demonic aura often causes spilled blood to erupt in flames.
You regenerate magic rapidly.


Message History

The meliai calls down the wrath of its god upon you.
Something smites you!
* * * LOW HITPOINT WARNING * * *
You hear a shout!
Unknown command.
You hear two shouts!
You feel yourself speed up. The meliai attacks as you move away!
The meliai hits you with a +0 war axe.
* * * LOW HITPOINT WARNING * * *
The meliai stings you.
* * * LOW HITPOINT WARNING * * *
The meliai closely misses you.
The meliai stings you but does no damage.
The meliai hits you with a +0 war axe!
* * * LOW HITPOINT WARNING * * *
You block the meliai's attack.
There is a stone staircase leading up, spattered with blood here.
Unknown command.
Unknown command.
You feel much better. The meliai hits you but does no damage.
The meliai stings you but does no damage.
The meliai invokes the aid of its god against you.
Something smites you!
* * * LOW HITPOINT WARNING * * *
You closely miss the meliai. You block the meliai's attack. x2
The meliai hits you with a +0 war axe.
* * * LOW HITPOINT WARNING * * *
The meliai misses you.
Unknown command.
You barely miss the meliai. The meliai closely misses you.
You block the meliai's attack. The meliai hits you with a +0 war axe.
* * * LOW HITPOINT WARNING * * *
The meliai stings you!
* * * LOW HITPOINT WARNING * * *
You are lethally poisoned!
The meliai poisons you!
You feel better. The meliai hits you with a +0 war axe!
* * * LOW HITPOINT WARNING * * *
The meliai stings you.
You die...

{ { #.#####
#.#.K.#
#.#.#.#
#.#.#{#
#.#y#.#
#.#@#.#
#<#.###.#
#{.{..{.#
#.....#####
####.{ ....
..#..
....###
.ยง.


You could see Sonja and a meliai.

Vanquished Creatures
  3 two-headed ogres
  A manticore (D:11)
  2 cyclopes
  3 gargoyles
  A kobold demonologist (D:11)
  A rime drake (D:9)
  2 trolls
  A polar bear (D:9)
  2 dream sheep (D:10)
  A shadow (D:10)
  3 wraiths
  2 wyverns
  10 yaks
  A basilisk (D:12)
  2 water moccasins (D:5)
  5 orc warriors
  3 black bears
  8 ogres
  A sky beast (D:3)
  An ice beast (D:5)
  3 wolves (D:9)
  6 centaurs
  5 kobold brigands
  Blork the orc (D:6)
  3 bullfrogs
  A necrophage (D:6)
  4 scorpions
  6 wights
  8 killer bees
  A howler monkey (D:8)
  An electric eel (D:11)
  A jelly (D:8)
  6 orc priests
  3 hounds
  2 gnoll boudas
  2 iguanas (D:4)
  Natasha (thrice) (D:1)
  5 orc wizards
  6 gnolls
  7 adders
  2 white imps (D:5)
  An ufetubus (D:5)
  A worm (D:2)
  4 dart slugs
  24 orcs
  12 ball pythons
  2 bats (D:3)
  9 endoplasms
  3 giant cockroaches
  4 goblins
  8 hobgoblins
  5 jackals (D:3)
  11 kobolds
  3 quokkas
  2 frilled lizards (D:3)
  4 rats
222 creatures vanquished.

Vanquished Creatures (collateral kills)
  An ugly thing (D:12)
  A cyclops (D:11)
  A gargoyle (D:12)
  A dream sheep (D:10)
  2 yaks
  Menkaure (D:7)
  An orc warrior (D:10)
  A sky beast (D:7)
  3 ice beasts
  An ogre (D:7)
  A centaur (D:10)
  A kobold brigand (D:11)
  5 wights
  A killer bee (D:11)
  2 orc wizards (D:8)
  6 orcs
  2 kobolds
31 creatures vanquished.

Vanquished Creatures (others)
  6 hexers
  6 plants (D:3)
12 creatures vanquished.

Grand Total: 265 creatures vanquished

Notes
Turn   | Place    | Note
-------+----------+-------------------------------------------
     0 | D:1      | ryw the Demonspawn Monk began the quest for the Orb.
     0 | D:1      | Reached XP level 1. HP: 18/18 MP: 1/1
   409 | D:1      | Discovered your monstrous ancestry.
   409 | D:1      | Gained mutation: You have a pair of small antennae on your
                  | head. [demonic ancestry]
   409 | D:1      | Reached XP level 2. HP: 24/24 MP: 2/2
   437 | D:1      | Found a faded altar of an unknown god.
   891 | D:2      | Noticed Natasha
   975 | D:1      | Killed Natasha
   976 | D:1      | Reached XP level 3. HP: 19/31 MP: 3/3
  1330 | D:1      | Noticed Natasha
  1347 | D:1      | Killed Natasha
  1348 | D:1      | Gained mutation: You have sharp fingernails. [demonic
                  | ancestry]
  1348 | D:1      | Reached XP level 4. HP: 14/38 MP: 4/4
  1356 | D:1      | Noticed Natasha
  1361 | D:1      | Killed Natasha
  1362 | D:1      | Reached skill level 3 in Unarmed Combat
  2478 | D:2      | Found a runed translucent door.
  2479 | D:2      | Noticed Crazy Yiuf
  2811 | D:3      | Gained mutation: You have large cloven feet. [demonic
                  | ancestry]
  2811 | D:3      | Reached XP level 5. HP: 43/43 MP: 5/5
  3034 | D:3      | Reached skill level 1 in Shields
  3034 | D:3      | Reached skill level 4 in Unarmed Combat
  3327 | D:3      | Identified the +0 chain mail of the Old World {rF+++ Will+
                  | Int-2 Slay+3}
  3558 | D:3      | Noticed a sky beast
  3589 | D:3      | Killed a sky beast
  3590 | D:3      | Gained mutation: Your demonic aura sometimes causes spilled
                  | blood to erupt in flames. [demonic ancestry]
  3590 | D:3      | Reached XP level 6. HP: 26/50 MP: 6/6
  4884 | D:4      | Reached skill level 5 in Unarmed Combat
  5348 | D:4      | Reached skill level 1 in Armour
  5487 | D:5      | Entered Level 5 of the Dungeon
  5511 | D:5      | Noticed a water moccasin
  5522 | D:5      | Killed a water moccasin
  5523 | D:5      | Gained mutation: Your demonic aura often causes spilled
                  | blood to erupt in flames. [demonic ancestry]
  5523 | D:5      | Reached XP level 7. HP: 27/55 MP: 7/7
  5797 | D:5      | Reached skill level 6 in Unarmed Combat
  6475 | D:5      | Gained mutation: You have a pair of antennae on your head.
                  | [demonic ancestry]
  6475 | D:5      | Reached XP level 8. HP: 21/61 MP: 8/8
  7113 | D:6      | Noticed Blork the orc
  7121 | D:6      | Killed Blork the orc
  7122 | D:6      | Reached skill level 7 in Unarmed Combat
  7421 | D:6      | Found a staircase to the Ecumenical Temple.
  7492 | Temple   | Entered the Ecumenical Temple
  7498 | Temple   | Became a worshipper of Hepliaklqana the Forgotten
  7498 | Temple   | Reached * piety under Hepliaklqana
  7498 | Temple   | Reached ** piety under Hepliaklqana
  7499 | Temple   | Remembered your ancestor Laslo as a hexer
  7705 | D:6      | Found Toumiuce's General Store.
  7936 | D:7      | Reached skill level 5 in Fighting
  7936 | D:7      | Reached skill level 8 in Unarmed Combat
  7985 | D:7      | Reached XP level 9. HP: 61/61 MP: 9/9
  8113 | D:7      | Noticed Menkaure
  8133 | D:7      | Killed Menkaure
  8134 | D:7      | Reached skill level 1 in Throwing
  8272 | D:7      | Reached skill level 5 in Shields
  8441 | D:7      | Found Waqiag's Magic Scroll Boutique.
  8951 | D:8      | Found Eseopiwo's General Store.
  9275 | D:8      | Noticed Amaemon
  9275 | D:8      | Noticed an orange demon
  9498 | D:8      | Reached *** piety under Hepliaklqana
  9595 | D:8      | Found a radiant altar of Vehumet.
 10206 | D:9      | Reached skill level 9 in Unarmed Combat
 10270 | D:9      | Noticed a rime drake
 10275 | D:9      | Reached skill level 5 in Armour
 10276 | D:9      | Noticed a polar bear
 10583 | D:9      | Found an iron altar of Okawaru.
 10603 | D:10     | Entered Level 10 of the Dungeon
 10892 | D:9      | Reached XP level 10. HP: 50/69 MP: 10/10
 11207 | D:9      | Found a staircase to the Lair.
 11224 | D:9      | Reached skill level 10 in Unarmed Combat
 11416 | D:9      | Found a blossoming altar of Fedhas.
 11526 | D:9      | Reached **** piety under Hepliaklqana
 11845 | D:9      | Found an opulent altar of Gozag.
 12209 | D:10     | Reached skill level 5 in Throwing
 12654 | D:10     | Reached skill level 11 in Unarmed Combat
 12891 | D:10     | Gained mutation: You have hoof-like feet. [demonic
                  | ancestry]
 12891 | D:10     | Reached XP level 11. HP: 48/77 MP: 11/11
 13051 | D:10     | Found Obacuew's Antique Armour Boutique.
 13257 | D:10     | Bought a runed leather armour for 145 gold pieces
 13594 | D:11     | Identified the +7 quarterstaff of Useadewkipn {antimagic,
                  | Str+3}
 14102 | D:11     | Noticed a sun demon
 14103 | D:11     | Reached skill level 12 in Unarmed Combat
 14136 | D:11     | Noticed a two-headed ogre
 14142 | D:11     | Killed a two-headed ogre
 14356 | D:11     | Noticed a two-headed ogre
 14362 | D:11     | Killed a two-headed ogre
 14488 | D:11     | Noticed a +0 hand axe
 14488 | D:11     | Noticed a +0 hand axe
 14492 | D:11     | Found a hide-covered altar of Uskayaw.
 14734 | D:11     | Found a staircase to the Orcish Mines.
 15238 | D:11     | Identified a scroll of acquirement
 15238 | D:11     | Acquired the +9 lajatang "Efraf" {drain, *Rage Int+7}
 15519 | D:12     | Noticed a brown ugly thing
 15857 | D:12     | Reached skill level 13 in Unarmed Combat
 16036 | D:12     | Noticed a two-headed ogre
 16048 | D:12     | Killed a two-headed ogre
 16093 | D:12     | Killed a brown ugly thing
 16353 | D:12     | Gained mutation: You regenerate magic rapidly. [demonic
                  | ancestry]
 16353 | D:12     | Reached XP level 12. HP: 59/87 MP: 12/12
 16437 | D:12     | Reached ***** piety under Hepliaklqana
 16669 | D:13     | Noticed Sonja
 16669 | D:13     | Noticed a two-headed ogre
 16686 | D:13     | HP: 2/87 [meliai/+0 war axe (10)]
 16686 | D:13     | Slain by a meliai

Illustrated notes

Levels and vault maps discovered:
D:1:      scummos_arrival_simple_fountains, layout_basic,
          dreamdust_ecumenical_altar_hidden_monk_grotto
D:2:      layout_basic, uniq_natasha, uniq_crazy_yiuf_cottage
D:3:      wad_lake_hut, layout_basic, fountainhead, kennysheep_orc_chapel
D:4:      layout_rooms
D:5:      minmay_evil_eye, layout_cave_pods
D:6:      layout_loops_ring, minmay_temple_entry_overgrown, serial_shops,
          nicolae_shop_hallway_plus, uniq_blork_the_orc
D:7:      layout_basic, serial_shops, nicolae_shop_hallway_plus, uniq_menkaure
D:8:      layout_gridville, vehumet_statue, serial_shops, nicolae_shop_stone,
          uniq_amaemon
D:9:      layout_irregular_city, amcnicky_altar_gilded,
          mainiacjoe_overflow_catwalk_spiral, hellmonk_lair_entry_icy, hex_tiny
D:10:     layout_long_grid, serial_shops, shop, dreamdust_gnoll_shepherd
D:11:     lemuel_ogre_cave, layout_long_grid, minmay_orc_entry_temple_small,
          dancing_weapons_uskayaw
D:12:     layout_loops_ring
D:13:     layout_basic, david_vaults_5, minivault_23, uniq_sonja, uniq_erolcha
Temple:   nicolae_temple_no_exploring_needed

Skill      XL: |  1  2  3  4  5  6  7  8  9 10 11 |
---------------+----------------------------------+-----
Fighting       | 4 5 6 8 9 |  9.9
Unarmed Combat | 3 4 5 6 8 9 11 13 | 13.4
Shields        | 1 2 3 4 5 |  5.0
Armour         | 1 2 4 5 |  5.0
Throwing       | 3 5 |  5.0
Dodging        | |  2.6
Stealth        | |  1.7

Action                   |  1- 3 |  4- 6 |  7- 9 | 10-12 || total
-------------------------+-------+-------+-------+-------++-------
Melee: Unarmed           |    80 |   242 |   271 |   239 ||   832
       Punch             |     3 |       |       |       ||     3
Throw: Stone             |       |     2 |       |       ||     2
       Dart              |       |    10 |     8 |    15 ||    33
       Javelin           |       |       |       |     4 ||     4
Invok: Ancestor Life: He |       |       |     1 |       ||     1
       Recall Ancestor   |       |       |     1 |     6 ||     7
  Use: Potion            |     1 |     3 |     4 |     2 ||    10
       Scroll            |       |    11 |     7 |     5 ||    23
 Stab: Sleeping          |     4 |     2 |       |       ||     6
       Confused          |       |       |     3 |     7 ||    10
       Distracted        |       |       |       |     1 ||     1
Armor: Robe              |    14 |    16 |       |    12 ||    42
       Scale mail        |       |    42 |    86 |    43 ||   171
       Leather armour    |       |       |       |     4 ||     4
Dodge: Dodged            |    44 |   103 |   120 |    93 ||   360
Block: Buckler           |       |    34 |    61 |    75 ||   170

Table legend: (Time is in decaauts)
 A = Elapsed time spent in this place.
 B = Non-inter-level travel time spent in this place.
 C = Inter-level travel time spent in this place.
 D = Time resting spent in this place.
 E = Time spent auto-exploring this place.
 F = Levels seen in this place.
 G = Mean time per level.
                   A        B        C        D        E       F      G
               +--------+--------+--------+--------+--------+-----+--------+
         Total |  16704 |  16036 |    668 |   4681 |   8770 |  14 | 1193.1 |
       Dungeon |  16690 |  16027 |    663 |   4681 |   8770 |  13 | 1283.8 |
        Temple |     13 |      8 |      5 |      0 |      0 |   1 |   13.0 |
               +--------+--------+--------+--------+--------+-----+--------+

Top non-repeatable levels by time:
    D:11: 1973 daAuts
     D:3: 1953 daAuts
     D:2: 1676 daAuts
     D:5: 1510 daAuts
     D:8: 1477 daAuts
     D:1: 1380 daAuts
    D:10: 1358 daAuts
     D:9: 1349 daAuts
    D:12: 1334 daAuts
     D:7: 1304 daAuts
     D:6: 790 daAuts
     D:4: 545 daAuts
    D:13: 34 daAuts
  Temple: 13 daAuts
